 Dungeon Crawl Stone Soup version 0.26-a0-639-g72c4674329 (webtiles) character file.

Game seed: 8876178774143238085

10369 Flugslaktarn the Fighter (level 11, -13/153 HPs)
             Began as a Minotaur Fighter on Sept 23, 2020.
             Was a Priest of Makhleb.
             Mangled by a two-headed ogre
             ... wielding a +0 giant spiked club
              (15 damage)
             ... on level 13 of the Dungeon.
             The game lasted 00:04:42 (10433 turns).

Flugslaktarn the Fighter (Minotaur Fighter)        Turns: 10433, Time: 00:04:43

Health: -13/153    AC: 11    Str: 22    XL:     11   Next: 35%
Magic:  13/13      EV:  8    Int:  6    God:    Makhleb [***...]
Gold:   290        SH: 10    Dex: 11    Spells: 10/10 levels left

rFire    + . .     SeeInvis +   a - +1 war axe
rCold    . . .     Faith    .   c - +0 kite shield
rNeg     . . .     Spirit   .   k - +0 chain mail
rPois    .         Reflect  .   (helmet restricted)
rElec    .         Harm     .   D - +0 cloak
rCorr    .         Rampage  .   (no gloves)
MR       .....                  (no boots)
Stlth    ..........             (no amulet)
HPRegen  0.35/turn              f - ring of protection from fire
MPRegen  0.13/turn              i - ring of see invisible

@: berserking, heavily drained, very quick
A: retaliatory headbutt, horns 2
a: Minor Destruction, Lesser Servant of Makhleb, Renounce Religion


You were on level 13 of the Dungeon.
You worshipped Makhleb.
Makhleb was most pleased with you.
You visited 2 branches of the dungeon, and saw 13 of its levels.

You collected 570 gold pieces.
You spent 280 gold pieces at shops.

Inventory:

Hand Weapons
 a - a +1 war axe (weapon)
Missiles
 A - 2 throwing nets (quivered)
Armour
 b - a +0 scale mail
 c - a +0 kite shield (worn)
 k - a +0 chain mail (worn)
   (You took it off an orc on level 3 of the Dungeon)
 D - a +0 cloak (worn)
   (You found it on level 7 of the Dungeon)
Jewellery
 f - a ring of protection from fire (left hand)
   (You found it on level 10 of the Dungeon)
 i - a ring of see invisible (right hand)
   (You found it on level 7 of the Dungeon)
 y - an uncursed amulet of the acrobat {unknown}
   (You found it on level 10 of the Dungeon)
Wands
 e - a wand of paralysis (10)
   (You found it on level 10 of the Dungeon)
 g - a wand of enslavement (10)
   (You found it on level 9 of the Dungeon)
 m - a wand of acid (13)
   (You found it on level 9 of the Dungeon)
 B - a wand of iceblast (19)
   (You took it off Maurice on level 10 of the Dungeon)
Scrolls
 j - 2 scrolls of enchant weapon
 o - 2 scrolls of fear
 r - a scroll of identify
 t - 3 scrolls of teleportation
 v - a scroll of fog
 x - 7 scrolls of remove curse
 z - 2 scrolls of blinking
 C - a scroll of vulnerability {unknown}
Potions
 d - a potion of might
 h - a potion of haste
 l - 2 potions of flight
 n - 5 potions of invisibility
 p - a potion of cancellation
 q - 3 potions of curing
 s - a potion of degeneration {unknown}
 w - 4 potions of lignification
Miscellaneous
 F - a condenser vane (2/2)
   (You bought it in a shop on level 8 of the Dungeon)


   Skills:
 * Level 11.5(9.7) Fighting
 * Level 11.2(9.4) Axes
 + Level 8.7(7.0) Armour
 + Level 6.7(5.1) Dodging
 + Level 8.5(6.9) Shields
 + Level 5.2(3.7) Invocations


You had 10 spell levels left.
You didn't know any spells.
Your spell library was empty.

Dungeon Overview and Level Annotations

Branches:
Dungeon (11/15)            Temple (1/1) D:6            Lair (0/6) D:8
    Orc: D:9-12

Altars:
Ashenzari
Elyvilon
Fedhas
Gozag
Hepliaklqana
Kikubaaqudgha
Makhleb
Nemelex Xobeh
Okawaru
Qazlal
Ru
Sif Muna
Trog
Uskayaw
Vehumet
Wu Jian
Xom
Yredelemnul
Zin
The Shining One

Shops:
D:8 }(}[


Innate Abilities, Weirdness & Mutations

You reflexively headbutt those who attack you in melee.
You have a pair of horns on your head.


Message History

The two-headed ogre is severely wounded.
You block the unseen horror's attack.
You hit the two-headed ogre.
Your headbutt misses the two-headed ogre.
The two-headed ogre is severely wounded.
You barely miss the unseen horror. You block the unseen horror's attack.
You hit the two-headed ogre.
Your headbutt misses the two-headed ogre.
The two-headed ogre is almost dead.
You closely miss the unseen horror.
The unseen horror hits you but does no damage.
The unseen horror barely misses you. You furiously retaliate!
You headbutt the unseen horror! You slash the unseen horror!
The unseen horror is severely wounded.
You hit the hippogriff but do no damage.
You barely miss the two-headed ogre. The unseen horror closely misses you.
You furiously retaliate!
You headbutt the unseen horror.
The two-headed ogre hits you with a +0 giant spiked club!
You die...

#+## #... +.. #..
#######.##
.........#
......x@O#
#.######H#######
##.##.###.O...O..
#................
+............#.##
#####..##.##.# #
#..#### ... .....
..# ...... .?#


You could see 2 two-headed ogres, a hippogriff and an unseen horror (invisible).

Vanquished Creatures
  Erolcha (D:10)
  Harold (D:7)
  Erica (D:8)
  A centaur warrior (D:10)
  A two-headed ogre (D:9)
  Nergalle (D:10)
  Maurice (D:10)
  A centaur zombie (D:11)
  A hippogriff (D:10)
  4 black bears
  2 orc warriors
  5 ice beasts
  2 phantoms
  11 ogres
  4 centaurs
  5 bullfrogs
  3 big kobolds
  2 wyvern zombies
  3 scorpions
  9 wights
  5 howler monkeys
  A crimson imp (D:9)
  2 bullfrog zombies
  9 hounds
  5 jellies
  7 orc wizards
  A quasit (D:6)
  A bullfrog skeleton (D:7)
  3 gnoll shamans
  7 orc priests
  4 iguanas
  12 worker ants
  2 hound zombies
  A howler monkey zombie (D:5)
  20 gnolls
  3 adders
  5 white imps
  2 ufetubi
  A worm (D:4)
  3 leopard geckos
  32 orcs
  3 giant cockroaches
  A goblin (D:3)
  2 hobgoblins
  2 jackals (D:5)
  13 kobolds
  3 quokkas
  A bat (D:1)
  A frilled lizard (D:1)
  2 jackal skeletons
  A quokka skeleton (D:4)
  4 rats (D:1)
218 creatures vanquished.

Vanquished Creatures (others)
  A gnoll (D:8)
1 creature vanquished.

Grand Total: 219 creatures vanquished

Notes
Turn   | Place    | Note
-------+----------+-------------------------------------------
     0 | D:1      | Flugslaktarn the Minotaur Fighter began the quest for the
                  | Orb.
     0 | D:1      | Reached XP level 1. HP: 19/19 MP: 0/0
   237 | D:3      | Found a bloodstained altar of Trog.
   245 | D:3      | Reached XP level 2. HP: 27/27 MP: 1/1
   340 | D:3      | Found an ancient bone altar of Kikubaaqudgha.
   371 | D:3      | Found a sacrificial altar of Ru.
   384 | D:3      | Became a worshipper of Ru the Awakened
   544 | D:4      | Reached XP level 3. HP: 25/33 MP: 2/2
   786 | D:4      | Reached XP level 4. HP: 24/41 MP: 3/3
   787 | D:4      | Reached skill level 1 in Dodging
   985 | D:4      | Reached XP level 5. HP: 27/47 MP: 4/4
   992 | D:4      | Reached skill level 5 in Fighting
  1590 | D:4      | Noticed an ogre
  1598 | D:4      | Killed an ogre
  1598 | D:4      | Reached XP level 6. HP: 33/56 MP: 5/5
  1830 | D:5      | Entered Level 5 of the Dungeon
  1900 | D:5      | Reached skill level 5 in Axes
  2152 | D:5      | HP: 2/57 [white imp (3)]
  2486 | D:5      | Noticed an ice beast
  2487 | D:5      | Reached skill level 5 in Armour
  2487 | D:5      | Reached XP level 7. HP: 63/63 MP: 6/6
  2525 | D:5      | Reached skill level 5 in Shields
  3547 | D:6      | Reached XP level 8. HP: 59/73 MP: 7/7
  3819 | D:6      | Found a staircase to the Ecumenical Temple.
  3829 | Temple   | Entered the Ecumenical Temple
  4010 | Temple   | Fell from the grace of Ru
  4010 | Temple   | Became a worshipper of Makhleb the Destroyer
  4160 | D:6      | Reached skill level 1 in Invocations
  4161 | D:6      | HP: 1/73 [ogre/+0 giant spiked club (17)]
  4829 | D:6      | Reached XP level 9. HP: 55/81 MP: 9/9
  5453 | D:6      | Found a stormy altar of Qazlal.
  5453 | D:6      | Found an opulent altar of Gozag.
  5610 | D:7      | Reached * piety under Makhleb
  6193 | D:7      | Noticed Harold
  6204 | D:7      | Killed Harold
  6204 | D:7      | Reached skill level 5 in Dodging
  6327 | D:7      | Reached XP level 10. HP: 92/92 MP: 11/11
  6844 | D:8      | Noticed Erica
  6864 | D:8      | Killed Erica
  6864 | D:8      | Reached ** piety under Makhleb
  6864 | D:8      | Reached skill level 10 in Fighting
  6944 | D:8      | Found Ibarphupi's Gadget Shop.
  6947 | D:8      | Bought a condenser vane (2/2) for 280 gold pieces
  7227 | D:8      | Found Saychos's Gadget Shop.
  7279 | D:8      | Found Avatwojuy's Weapon Boutique.
  7293 | D:8      | Reached skill level 10 in Axes
  7419 | D:8      | Found Asiliawn's Armour Boutique.
  7421 | D:8      | Found a staircase to the Lair.
  7573 | D:9      | Noticed a two-headed ogre
  7580 | D:9      | Killed a two-headed ogre
  8568 | D:10     | Entered Level 10 of the Dungeon
  8677 | D:10     | Noticed Maurice
  8679 | D:10     | Noticed Nergalle
  8691 | D:10     | Killed Maurice
  8723 | D:10     | Killed Nergalle
  8723 | D:10     | Reached *** piety under Makhleb
  9142 | D:10     | Reached XP level 11. HP: 102/102 MP: 13/13
  9185 | D:10     | Noticed a centaur warrior
  9195 | D:10     | Killed a centaur warrior
  9335 | D:10     | Noticed Erolcha
  9338 | D:10     | Paralysed by Erolcha for 3 turns
  9359 | D:10     | Killed Erolcha
  9732 | D:10     | Reached skill level 5 in Invocations
 10413 | D:11     | You fall into a shaft and drop 2 floors!
 10413 | D:13     | Noticed a two-headed ogre
 10415 | D:13     | Noticed an unseen horror
 10426 | D:13     | Noticed a two-headed ogre
 10426 | D:13     | HP: 4/102 [unseen horror (7)]
 10429 | D:13     | HP: 1/153 [two-headed ogre/+0 giant spiked club (6)]
 10433 | D:13     | Mangled by a two-headed ogre

Illustrated notes

Levels and vault maps discovered:
D:1:      minmay_arrival_four_circles, layout_loops_ring,
          minmay_misc_feat_columns
D:2:      layout_loops_cross
D:3:      layout_basic, nicolae_ru_sacrificial_ziggurat,
          nicolae_overflow_crystal_walls, bloody_trog, uniq_jessica
D:4:      layout_cave_pods
D:5:      layout_loops_ring, chequers_hall_statues_corner_a
D:6:      layout_layer_cave, gammafunk_temple_overflow_wave, temple_fountains
D:7:      layout_basic, hangedman_decor_clover_reticule, uniq_harold
D:8:      layout_rooms, lair_entry_dummy, serial_shops, shop,
          nicolae_shop_behind_doors, shop, shop, serial_glass, glass_columns_a,
          glass_columns_b, feat_on_display, item_on_display_a, uniq_erica
D:9:      layout_cave_pools, serial_co_window_serial, co_window_paths_a,
          co_window_corner_a, co_window_of_opportunity_a, co_window_corner_a,
          co_window_paths_a, co_window_cross_2, co_window_cross_4,
          co_window_corner_ca, minmay_fire_ice_demons
D:10:     layout_stronghold, uniq_maurice, uniq_erolcha, uniq_nergalle
D:11:     layout_basic, patterned_corridor
D:13:     layout_gridville, david_vaults_4, nrook_mini_vaults
Temple:   dpeg_five_rooms_temple

Skill      XL: |  1  2  3  4  5  6  7  8  9 10 11 |
---------------+----------------------------------+-----
Fighting       | 4 5 6 7 8 9 11 | 11.5
Axes           | 3 4 5 6 7 9 10 11 | 11.2
Armour         | 4 5 6 7 8 |  8.7
Shields        | 4 5 6 7 8 |  8.5
Dodging        | 1 2 3 4 5 6 |  6.7
Invocations    | 2 3 4 5 |  5.2

Action                   |  1- 3 |  4- 6 |  7- 9 | 10-12 || total
-------------------------+-------+-------+-------+-------++-------
Melee: War axe           |    38 |    84 |   290 |   317 ||   729
       Headbutt          |     9 |    13 |    58 |    72 ||   152
Invok: Reject Sacrifices |       |     1 |       |       ||     1
  Use: Potion            |       |     4 |     2 |     4 ||    10
       Scroll            |       |       |       |    16 ||    16
Armor: Scale mail        |     6 |       |       |       ||     6
       Chain mail        |     9 |    35 |   122 |   131 ||   297
       Skin              |       |       |       |    42 ||    42
Dodge: Dodged            |     9 |    27 |    83 |   116 ||   235
Block: Kite shield       |    22 |    67 |   156 |   205 ||   450

Table legend: (Time is in decaauts)
 A = Elapsed time spent in this place.
 B = Non-inter-level travel time spent in this place.
 C = Inter-level travel time spent in this place.
 D = Time resting spent in this place.
 E = Time spent auto-exploring this place.
 F = Levels seen in this place.
 G = Mean time per level.
                   A        B        C        D        E       F      G
               +--------+--------+--------+--------+--------+-----+--------+
         Total |  10544 |  10247 |    297 |    808 |   7946 |  13 |  811.1 |
       Dungeon |  10313 |  10087 |    226 |    808 |   7791 |  12 |  859.4 |
        Temple |    230 |    159 |     71 |      0 |    155 |   1 |  230.0 |
               +--------+--------+--------+--------+--------+-----+--------+

Top non-repeatable levels by time:
     D:5: 1723 daAuts
     D:6: 1721 daAuts
    D:10: 1655 daAuts
     D:7: 1341 daAuts
     D:4: 1310 daAuts
     D:9: 1088 daAuts
     D:8: 706 daAuts
     D:3: 351 daAuts
  Temple: 230 daAuts
    D:11: 202 daAuts
     D:1: 175 daAuts
    D:13: 19 daAuts
     D:2: 17 daAuts
